 Dungeon Crawl Stone Soup version 0.27.1-35-g4d5d836560 (webtiles) character file.

Game seed: 11832511880562495276

114 Delamore the Sneak (level 4, -4/33 HPs)
             Began as an Octopode Brigand on June 22, 2022.
             Slain by an orc priest (5 damage)
             ... on level 3 of the Dungeon.
             The game lasted 00:01:36 (2164 turns).

Delamore the Sneak (Octopode Brigand)               Turns: 2164, Time: 00:01:36

Health: -4/33      AC:  1    Str: 10    XL:     4   Next: 98%
Magic:  0/4        EV: 14    Int: 14    God:
Gold:   66         SH:  0    Dex: 13    Spells: 3/3 levels left

rFire    . . .     SeeInvis .   a - +2 dagger
rCold    . . .     Faith    .   (no shield)
rNeg     . . .     Spirit   +   (helmet restricted)
rPois    +         Reflect  .   e - amulet of guardian spirit
rElec    .         Harm     .   i - ring of poison resistance
rCorr    .         Rampage  .   (no ring)
Will     .....                  (no ring)
Stlth    ++++......             (no ring)
HPRegen  0.11/turn              (no ring)
MPRegen  0.09/turn              (no ring)
                                (no ring)
                                (no ring)

@: no status effects
A: almost no armour, amphibious, 8 rings, camouflage 1, gelatinous body 1,
(nimble swimmer 1), tentacles
a: no special abilities


You were on level 3 of the Dungeon.
You visited 1 branch of the dungeon, and saw 3 of its levels.

You collected 66 gold pieces.

Inventory:

Hand Weapons
 a - a +2 dagger (weapon)
Missiles
 b - 8 poisoned darts (quivered)
 c - 2 curare-tipped darts
Jewellery
 e - an amulet of guardian spirit (around mantle)
 i - a ring of poison resistance (left tentacle)
Wands
 m - a wand of digging (5)
Scrolls
 f - 4 scrolls of identify {unknown}
 g - a scroll of blinking {unknown}
 h - a scroll of amnesia {unknown}
 l - 3 scrolls of teleportation {unknown}
 o - a scroll of vulnerability {unknown}
Potions
 d - a potion of curing
 k - a potion of haste {unknown}
 n - a potion of resistance {unknown}


   Skills:
 + Level 3.7 Fighting
 - Level 2.0 Short Blades
 - Level 2.0 Throwing
 + Level 3.2 Dodging
 - Level 5.3 Stealth


You had 3 spell levels left.
You didn't know any spells.
Your spell library was empty.

Dungeon Overview and Level Annotations

Branches:
Dungeon (3/15)

Altars:


Innate Abilities, Weirdness & Mutations

You cannot wear most types of armour.
You are amphibious.
You can wear up to eight rings at the same time.
Your skin changes colour to match your surroundings (Stealth+).
Your rubbery body absorbs attacks. (AC +1, EV +1)
((You are camouflaged near water. (Stealth+)))
You have tentacles for arms and can constrict up to eight enemies at once.


Message History

You constrict the orc priest, but do no damage.
The orc priest hits you with a +0 hand axe.
You hit the orc priest.
You kill the orc priest!
You hit the orc priest but do no damage.
Your grab misses the orc priest.
The orc priest hits you with a +0 war axe.
You barely miss the orc priest. Your grab misses the orc priest.
Your squeeze misses the orc priest.
The orc priest invokes the aid of Beogh against you.
Pain shoots through your body!
You hit the orc priest but do no damage.
Your grab misses the orc priest.
The orc priest hits you with a +0 war axe.
You hit the orc priest but do no damage.
Your grab misses the orc priest.
The orc priest hits you with a +0 war axe.
* * * LOW HITPOINT WARNING * * *
You hit the orc priest but do no damage.
Your grab misses the orc priest. The orc priest closely misses you.
You closely miss the orc priest. Your grab misses the orc priest.
You squeeze the orc priest.
The orc priest is moderately wounded.
You hit the orc priest but do no damage.
You grab the orc priest.
The orc priest is moderately wounded.
You constrict the orc priest.
The orc priest hits you with a +0 war axe.
* * * LOW HITPOINT WARNING * * *
You hit the orc priest but do no damage.
You squeeze the orc priest!
The orc priest is almost dead.
You constrict the orc priest, but do no damage.
The orc priest hits you with a +0 war axe.
* * * LOW HITPOINT WARNING * * *
You completely miss the orc priest.
The orc priest is almost dead.
You constrict the orc priest.
The orc priest hits you with a +0 war axe.
You die...

# #.##### #.o...#
##o##o# ... #@#
#### #.# #.# #.#
################.#
.................#
##################


You could see an orc priest.

Vanquished Creatures
  An orc priest (D:3)
  A gnoll (D:1)
  2 adders (D:2)
  2 worms
  2 orcs (D:3)
  A bat (D:2)
  2 endoplasms (D:1)
  A giant cockroach (D:2)
  2 goblins
  7 hobgoblins
  8 jackals (D:1)
  A quokka (D:1)
  7 ball pythons
  6 kobolds
  2 rats (D:1)
45 creatures vanquished.

Notes
Turn   | Place    | Note
-------+----------+-------------------------------------------
     0 | D:1      | Delamore the Octopode Brigand began the quest for the Orb.
     0 | D:1      | Reached XP level 1. HP: 14/14 MP: 1/1
     5 | D:1      | Found a faded altar of an unknown god.
    76 | D:1      | Reached XP level 2. HP: 20/20 MP: 2/2
   401 | D:1      | Reached XP level 3. HP: 20/25 MP: 3/3
  1255 | D:2      | Reached XP level 4. HP: 31/31 MP: 4/4
  2163 | D:3      | HP: 1/33 [orc priest (4)]
  2164 | D:3      | Slain by an orc priest

Illustrated notes

Levels and vault maps discovered:
D:1:      nzn_arrival_crosshair, layout_rooms, ebering_ecumenical_altar_mist
D:2:      layout_loops_corners
D:3:      layout_basic, uniq_ijyb

Skill      XL: |  1  2  3  4 |
---------------+-------------+-----
Dodging        | 2 3 |  3.2
Fighting       | 3 |  3.7
Short Blades   | |  2.0
Throwing       | |  2.0
Stealth        | |  5.3

Action                   |  1- 3 |  4- 6 || total
-------------------------+-------+-------++-------
Melee: Dagger            |    59 |    48 ||   107
       Constrict         |    13 |    10 ||    23
       Tentacles         |     9 |     5 ||    14
  Use: Potion            |       |     2 ||     2
 Stab: Sleeping          |    14 |     4 ||    18
Armor: Skin              |     4 |       ||     4
Dodge: Dodged            |    23 |    20 ||    43
